 Dungeon Crawl Stone Soup version 0.23.2-1-ga50397a6bc (webtiles) character file.

Game seed: 4258237176184167390

2266 Hanswurst the Cleaver (level 9, -2/75 HPs)
             Began as a Hill Orc Enchanter on May 18, 2019.
             Was a Believer of Wu Jian.
             Slain by a two-headed ogre
             ... wielding a +0 giant club
              (8 damage)
             ... on level 7 of the Dungeon.
             The game lasted 01:17:09 (11945 turns).

Hanswurst the Cleaver (Hill Orc Enchanter)         Turns: 11945, Time: 01:17:11

Health: -2/75      AC: 18    Str: 14    XL:     9   Next: 38%
Magic:  11/11      EV:  7    Int: 15    God:    Wu Jian [**....]
Gold:   391        SH:  0    Dex: 11    Spells: 10/11 levels left

rFire    . . .     SeeInvis .   a - +2 hand axe
rCold    . . .     Gourm    .   (no shield)
rNeg     . . .     Faith    .   s - +0 plate armour
rPois    .         Spirit   .   r - +0 helmet
rElec    .         Reflect  .   o - +0 cloak
rCorr    .         Harm     .   (no gloves)
MR       .....                  Z - +2 pair of boots
Stlth    ..........             (no amulet)
HPRegen  0.22/turn              u - +2 ring of evasion
MPRegen  0.12/turn              Q - +2 ring of slaying

@: no status effects
A: no striking features
a: Wall Jump, Renounce Religion


You were on level 7 of the Dungeon.
You worshipped Wu Jian.
Wu Jian was pleased with you.
You were not hungry.

You visited 1 branch of the dungeon, and saw 8 of its levels.

You collected 443 gold pieces.
You spent 52 gold pieces at shops.

Inventory:

Hand Weapons
 a - a +2 hand axe (weapon)
 q - a +2 dagger of flaming
 w - a +0 blowgun
 y - a +1 dagger of freezing
 A - a +0 war axe
 G - a +1 flail of crushing
 O - a +0 battleaxe
Missiles
 b - a throwing net (quivered)
 t - 2 javelins
 B - 4 tomahawks
 C - 2 steel tomahawks
Armour
 o - a +0 cloak (worn)
 r - a +0 helmet (worn)
 s - a +0 plate armour (worn)
 x - a +0 chain mail
 E - a +2 pair of boots
 U - a +0 troll leather armour
 V - a +0 buckler
 Z - a +2 pair of boots (worn)
Magical Staves
 I - an uncursed staff of power
Jewellery
 u - a +2 ring of evasion (left hand)
 Q - a +2 ring of slaying (right hand)
Wands
 D - a wand of digging (4)
 J - a wand of random effects (48)
 L - a wand of flame (17)
 N - a wand of paralysis (6)
 W - a wand of polymorph (6)
Scrolls
 c - 4 scrolls of identify
 e - 2 scrolls of blinking {unknown}
 j - a scroll of enchant weapon
 m - 5 scrolls of amnesia
 p - 4 scrolls of remove curse
 z - 3 scrolls of teleportation {unknown}
 P - a scroll of noise {unknown}
 R - a scroll of magic mapping {unknown}
 S - a scroll of summoning {unknown}
Potions
 f - a potion of mutation {unknown}
 g - 2 potions of haste {unknown}
 h - a potion of degeneration {unknown}
 i - 2 potions of curing
 k - 4 potions of flight {unknown}
 n - a potion of agility {unknown}
 F - a potion of brilliance {unknown}
 K - a potion of heal wounds {unknown}
 M - 2 potions of magic {unknown}
 T - a potion of cancellation {unknown}
Comestibles
 d - 10 rations


   Skills:
 + Level 6.0 Fighting
 - Level 1.1 Short Blades
 + Level 9.8(9.9) Axes
 - Level 1.9(5.5) Maces & Flails
 + Level 0.4 Throwing
 + Level 6.4 Armour
 + Level 2.8 Dodging
 + Level 3.4 Stealth
 + Level 0.4 Shields
 + Level 1.8 Spellcasting
 + Level 3.4 Hexes
 + Level 0.1 Evocations


You had 10 spell levels left.
You knew the following spells:

 Your Spells              Type           Power        Failure   Level  Hunger
a - Corona                Hex            ##.....      98%         1    ##.....

Your spell library contained the following spells:

 Spells                   Type           Power        Failure   Level  Hunger
 Ensorcelled Hibernation  Hex/Ice        #.....       100%        2    ###....
 Confuse                  Hex            ##......     100%        3    ####...
 Dazzling Spray           Conj/Hex       #.....       100%        3    ####...
 Tukima's Dance           Hex            ##......     100%        3    ####...


Dungeon Overview and Level Annotations

Branches:
Dungeon (8/15)             Temple (0/1) D:7
   Lair: D:8-11

Altars:
Ashenzari
Dithmenos
Gozag
Kikubaaqudgha
Makhleb
Okawaru
Qazlal
Sif Muna
Uskayaw
Wu Jian
Yredelemnul

Shops:
D:7 }}=:   D:8 *

Annotations:
D:3 3 runed translucent doors, Jabberih's ghost, amateur VSTm
D:4 2 transporters, Menkaure


Message History

You spin and attack the two-headed ogre.
You hit the two-headed ogre.
The two-headed ogre is lightly wounded.
You see here 13 sling bullets.
You spin and attack the two-headed ogre.
You hit the two-headed ogre.
The two-headed ogre is lightly wounded.
The two-headed ogre hits you with a +0 giant club!
The two-headed ogre hits you with a +0 giant club.
* * * LOW HITPOINT WARNING * * *
There is a stone staircase leading up here.
You climb upwards.
There is a stone staircase leading down here.
You spin and attack the two-headed ogre.
You hit the two-headed ogre.
The two-headed ogre is lightly wounded.
The two-headed ogre hits you with a +0 giant club!
* * * LOW HITPOINT WARNING * * *
The two-headed ogre hits you with a +0 giant club!
You die...

....#....#.#######.#.##.#####
##.......#.# #.#.##.#...#
##.......#.# #......###.#
.#...##....# ###.#### #.#
.#.#....############.######.#
......### #.....##........#
.#.##.# #.....######..###
.#..#.# ###+#............#
##..#.# #.'∩+.@.######...####
##..#.# #.#+#..O###.........#
....#.# #.#....<.>..###.###.#
#...#.# #.......##..#....##.#
......# ##.......#..#.#.....#
....###
#.#.....#..#.##.###### [)).#
#.#.#.###..#.##....... ..#.#
#..........#.#.######. ..#.#
#......###.#.#......#.


You could see a two-headed ogre (pinned).

Vanquished Creatures
  A hippogriff (D:8)
  2 ice beasts
  A sky beast (D:6)
  3 ogres
  A centaur (D:5)
  A water moccasin zombie (D:8)
  4 scorpions
  6 killer bees (D:7)
  2 bullfrog zombies
  2 hounds
  A centaur zombie (D:4)
  An orc priest (D:7)
  A jelly (D:5)
  A centaur skeleton (D:8)
  An iguana (D:8)
  Jessica (D:2)
  9 orc wizards
  A worker ant (D:4)
  Robin (D:2)
  7 gnolls
  6 adders
  A shadow imp (D:5)
  An adder zombie (D:6)
  An adder skeleton (D:4)
  4 worms
  A dart slug (D:1)
  4 leopard geckos
  27 orcs
  3 giant cockroaches
  10 goblins
  12 hobgoblins
  11 jackals
  3 quokkas
  A ball python (D:6)
  9 bats
  3 frilled lizards (D:1)
  A jackal zombie (D:6)
  5 kobolds
  10 rats
  A plant (D:1)
161 creatures vanquished.

Vanquished Creatures (others)
  A sky beast (D:8)
1 creature vanquished.

Grand Total: 162 creatures vanquished

Notes
Turn   | Place    | Note
-------+----------+-------------------------------------------
     0 | D:1      | Hanswurst the Hill Orc Enchanter began the quest for the
                  | Orb.
     0 | D:1      | Reached XP level 1. HP: 14/14 MP: 3/3
   323 | D:1      | Reached XP level 2. HP: 5/20 MP: 4/4
  1817 | D:2      | Noticed Robin
  1833 | D:2      | Reached XP level 3. HP: 18/27 MP: 5/5
  2163 | D:2      | Found a stormy altar of Qazlal.
  2379 | D:2      | Noticed Jessica
  2388 | D:2      | Killed Jessica
  2388 | D:2      | Reached skill level 1 in Armour
  2422 | D:2      | Reached skill level 1 in Fighting
  2635 | D:2      | Reached XP level 4. HP: 34/35 MP: 6/6
  2882 | D:2      | Killed Robin
  3230 | D:3      | Found an ornate altar of the Wu Jian Council.
  3426 | D:3      | Became a worshipper of the Wu Jian Council
  3446 | D:3      | Found a runed translucent gate.
  3446 | D:3      | Found a runed translucent gate.
  3448 | D:3      | Found a runed translucent gate.
  3448 | D:3      | Noticed Jabberih's ghost (amateur VSTm)
  3449 | D:3      | Noticed a big kobold
  3451 | D:3      | Identified the +3 short sword of the Bear {chaos, -Tele
                  | rElec MR+}
  3500 | D:3      | Reached skill level 1 in Maces & Flails
  3713 | D:3      | Found a burning altar of Makhleb.
  3785 | D:3      | Reached XP level 5. HP: 31/40 MP: 7/7
  4257 | D:3      | Found a faded altar of an unknown god.
  4946 | D:3      | Found a hide-covered altar of Uskayaw.
  5087 | D:3      | Reached skill level 1 in Axes
  5087 | D:3      | Reached XP level 6. HP: 22/49 MP: 8/8
  5581 | D:4      | Found a transporter.
  5588 | D:4      | Reached skill level 2 in Axes
  5606 | D:4      | Found an ancient bone altar of Kikubaaqudgha.
  5718 | D:4      | Found a transporter.
  5721 | D:4      | Noticed Menkaure
  5849 | D:4      | Found a basalt altar of Yredelemnul.
  5864 | D:4      | Reached * piety under Wu Jian
  5864 | D:4      | Reached skill level 3 in Axes
  6414 | D:5      | Entered Level 5 of the Dungeon
  6677 | D:5      | Reached skill level 4 in Axes
  6677 | D:5      | Reached XP level 7. HP: 36/56 MP: 9/9
  7111 | D:4      | Reached skill level 5 in Axes
  7285 | D:4      | Found an iron altar of Okawaru.
  7564 | D:5      | Reached skill level 6 in Axes
  8007 | D:5      | Reached XP level 8. HP: 62/63 MP: 10/10
  8052 | D:5      | Reached skill level 7 in Axes
  8259 | D:5      | Found a shadowy altar of Dithmenos.
  8477 | D:6      | Found an opulent altar of Gozag.
  8764 | D:6      | Reached skill level 8 in Axes
  8786 | D:6      | Found a shattered altar of Ashenzari.
  9489 | D:7      | Found a deep blue altar of Sif Muna.
  9590 | D:7      | Reached ** piety under Wu Jian
  9591 | D:7      | Reached skill level 5 in Armour
  9752 | D:7      | Found Ampuxtihe's Book Shoppe.
  9854 | D:7      | Found Nocaiv's Jewellery Shop.
 10015 | D:7      | Found Zaler's Gadget Boutique.
 10065 | D:7      | Found Vourey's Gadget Shop.
 10522 | D:8      | Reached skill level 5 in Fighting
 10538 | D:8      | Noticed a hippogriff
 10657 | D:8      | Reached skill level 9 in Axes
 10657 | D:8      | Reached XP level 9. HP: 51/74 MP: 11/11
 10774 | D:8      | Found Inwel's General Store.
 10795 | D:8      | Bought a scroll of identify for 26 gold pieces
 10795 | D:8      | Bought a scroll of identify for 26 gold pieces
 11037 | D:8      | Noticed a two-headed ogre
 11379 | D:7      | Found a staircase to the Ecumenical Temple.
 11945 | D:7      | Slain by a two-headed ogre

Skill      XL: |  1  2  3  4  5  6  7  8  9 |
---------------+----------------------------+-----
Armour         | 1 2 3 4 5 6 |  6.4
Stealth        | 3 |  3.4
Fighting       | 1 2 3 5 6 |  6.0
Maces & Flails | 1 |  1.9
Dodging        | 2 |  2.8
Axes           | 1 4 6 9 |  9.8
Short Blades   | |  1.1
Throwing       | |  0.4
Shields        | |  0.4
Spellcasting   | |  1.8
Hexes          | |  3.4
Evocations     | |  0.1

Action                   |  1- 3 |  4- 6 |  7- 9 || total
-------------------------+-------+-------+-------++-------
Melee: Dagger            |   200 |       |    16 ||   216
       Mace              |    25 |   256 |       ||   281
       War axe           |       |   167 |   274 ||   441
       Hand axe          |       |       |    95 ||    95
       Battleaxe         |       |       |    30 ||    30
Throw: Javelin           |       |     2 |       ||     2
       Tomahawk          |       |       |     9 ||     9
       Throwing net      |       |       |     4 ||     4
Invok: Lunge             |       |    10 |    23 ||    33
       Whirlwind         |       |    10 |    73 ||    83
 Abil: Wall Jump         |       |       |    10 ||    10
Evoke: Wand              |       |       |     3 ||     3
  Use: Potion            |       |     2 |     2 ||     4
       Scroll            |       |       |     5 ||     5
 Stab: Sleeping          |     2 |       |       ||     2
       Held in net/web   |       |       |     2 ||     2
  Eat: Chunk             |     3 |    12 |    15 ||    30
       Ration            |     1 |       |     1 ||     2
Armor: Robe              |    13 |       |       ||    13
       Leather armour    |    12 |       |       ||    12
       Scale mail        |    16 |   224 |       ||   240
       Plate armour      |       |   107 |   333 ||   440
Dodge: Dodged            |    73 |   318 |   146 ||   537
Block: Buckler           |       |       |     8 ||     8
